Map: Jardín de sombras

Players

MrFercho

  • Race: Zerg Zerg
  • League: Gold
  • Spawn Location: 11:00

tigro

  • Race: Terran Terran
  • League: Bronze
  • Spawn Location: 1:00

TATORREA

  • Race: Protoss Protoss
  • League: Gold
  • Spawn Location: 7:00

IA (Fácil)

  • Race: Zerg Zerg
  • Spawn Location: 5:00

IA (Fácil)

  • Race: Protoss Protoss
  • Spawn Location: 11:00

IA (Fácil)

  • Race: Zerg Zerg
  • Spawn Location: 5:00

IA (Fácil)

  • Race: Protoss Protoss
  • Spawn Location: 1:00

IA (Fácil)

  • Race: Zerg Zerg
  • Spawn Location: 7:00

VOD

Have the link to the VOD?

Description

Time

  • Played on: Aug. 11, 2020, 9:31 p.m.
  • Length: 9:43
Show
View Real Time Build Order
Export as new Build Order

MrFercho Zerg 

Build Orders: Pool First 

Get SALT Encoding   

  12  0:19  Spawning Pool  
  11  0:25  Drone  
  11  0:27  Drone  
  13  0:30  Drone  
  14  0:40  Overlord  
  14  0:58  Drone x2  
  16  1:10  Zergling x2  
  17  1:11  Queen  
  19  1:21  Zergling x2  
  20  1:30  Overlord  
  20  1:41  Zergling x2  
  21  1:48  Queen  
  21  1:52  Zergling x2  
  24  2:06  Zergling x2  
  24  2:30  Zergling x4  
  26  2:59  Zergling x6  
  29  3:57  Overlord x4  
  29  4:06  Extractor  
  29  4:07  Extractor, Drone  
  29  4:08  Drone  
  29  4:21  Drone x2  
  31  4:28  Drone x3  
  31  4:30  Queen  
  36  4:50  Zergling x2  
  36  4:51  Zergling x2  
  38  5:10  Zergling x6  
  36  5:41  Zergling x2  
  36  5:42  Zergling x6  
  36  5:49  Metabolic Boost  
  36  5:52  Hatchery  
  35  5:59  Baneling Nest  
  35  6:00  Zergling x2  
  35  6:01  Zergling x4  
  37  6:13  Zergling x2  
  38  6:28  Evolution Chamber  
  38  6:29  Zergling x2  
  38  6:30  Zergling x6  
  41  6:43  Zergling x2  
  42  6:49  Baneling x9  
  42  6:56  Zergling x6  
  45  7:05  Queen  
  45  7:07  Zergling x4  
  49  7:15  Zergling x2  
  49  7:16  Zergling x8  
  54  7:25  Zergling x2  
  44  7:51  Zergling x2  
  44  7:52  Zergling x12  
  51  8:04  Zergling x2  
  51  8:05  Zergling x6  
  50  8:28  Baneling x8  
Show
View Real Time Build Order
Export as new Build Order

tigro Terran 

Build Orders:  

Get SALT Encoding   

  12  0:14  SCV  
  13  0:16  Supply Depot  
  13  0:26  SCV  
  14  0:38  SCV  
  15  0:45  Barracks  
  15  0:50  SCV  
  15  0:52  Refinery  
  16  1:02  SCV  
  17  1:14  SCV  
  18  1:26  SCV  
  18  1:31  Refinery  
  19  1:36  Marine  
  19  1:38  SCV  
  21  1:40  Supply Depot  
  21  1:50  SCV  
  22  1:54  Marine  
  23  2:02  SCV  
  23  2:08  Factory  
  24  2:12  Marine  
  25  2:21  Barracks  
  25  2:30  Marine  
  26  2:48  Marine  
  27  2:53  Factory Tech Lab  
  27  3:08  Barracks Tech Lab  
  27  3:11  Barracks Reactor  
  27  3:14  Siege Tank  
  27  3:16  Engineering Bay  
  30  3:28  Combat Shield  
  30  3:29  Starport  
  30  3:37  Marine  
  26  3:52  Marine x2  
  26  3:55  Marine  
  25  4:08  Medivac  
  26  4:10  Marine x2, Orbital Command  
  26  4:13  Marine  
  28  4:20  Siege Tank  
  29  4:27  Marine  
  29  4:28  Marine  
  31  4:33  Marine  
  29  4:45  Marine x2  
  27  4:51  Marine  
  29  5:03  Marine x2  
  31  5:09  Starport Tech Lab  
  31  5:32  Supply Depot  
  31  5:44  Marine x3  
  32  6:02  Marine x2  
  32  6:03  Cyclone  
  37  6:19  Marine x2  
  39  6:35  Cyclone  
  39  6:37  Stimpack  
  42  6:56  Terran Infantry Weapons Level 1  
  42  7:06  SCV  
  42  7:08  Cyclone  
  46  7:18  SCV  
  47  7:36  Missile Turret  
  33  7:48  Marine x2  
  33  7:50  Marine  
  7  8:06  Marine x2  
Show
View Real Time Build Order
Export as new Build Order

TATORREA Protoss 

Build Orders:  

Get SALT Encoding   

  12  0:02  Probe  
  13  0:14  Probe  
  13  0:19  Pylon  
  14  0:31  Probe  
  15  0:42  Gateway  
  15  0:43  Probe  
  16  0:55  Probe  
  16  0:56  Assimilator  
  17  1:07  Probe (Chrono Boost)  
  18  1:11  Gateway  
  19  1:19  Probe (Chrono Boost)  
  19  1:25  Probe (Chrono Boost)  
  20  1:38  Cybernetics Core  
  20  1:40  Assimilator, Zealot (Chrono Boost)  
  20  1:45  Pylon  
  22  1:48  Probe  
  23  2:03  Probe, Zealot (Chrono Boost)  
  27  2:15  Warp Gate, Probe  
  27  2:17  Zealot (Chrono Boost)  
  27  2:21  Adept (Chrono Boost)  
  25  2:38  Adept  
  27  2:50  Adept  
  29  2:56  Robotics Facility  
  29  3:08  Adept  
  29  3:20  Stalker  
  27  3:37  Stalker  
  29  3:44  Immortal (Chrono Boost)  
  23  4:25  Stalker  
  23  4:26  Stalker  
  27  4:34  Probe  
  28  4:47  Probe  
  28  4:59  Probe  
Show
View Real Time Build Order
Export as new Build Order

IA (Fácil) Zerg 

Build Orders: Pool First 

Get SALT Encoding   

  12  0:01  Drone  
  13  0:11  Overlord  
  13  0:17  Drone  
  14  0:30  Drone  
  14  0:34  Drone  
  16  0:44  Spawning Pool  
  16  0:46  Extractor, Drone  
  15  0:51  Drone  
  16  0:58  Overlord  
  16  1:30  Zergling x2  
  16  1:31  Queen  
  19  1:33  Roach Warren  
  19  1:34  Extractor  
  19  1:36  Drone  
  18  1:41  Drone  
  18  1:44  Zergling x2  
  20  2:00  Zergling x2  
  20  2:09  Overlord  
  20  2:14  Roach  
  21  2:27  Zergling x2  
  21  2:37  Drone  
  22  2:41  Zergling x2, Drone  
  24  2:45  Drone  
  24  2:50  Drone  
  26  3:00  Drone  
  27  3:10  Roach  
  27  3:11  Overlord  
  29  3:12  Drone  
  29  3:24  Zergling x2  
  29  3:38  Roach  
  29  3:52  Zergling x2  
  29  4:05  Roach  
  29  4:19  Zergling x2  
  27  4:33  Roach  
  29  4:47  Zergling x2  
  29  5:01  Roach  
  29  5:05  Drone  
  31  5:14  Zergling x2  
  32  5:26  Drone  
  32  5:27  Lair  
  32  5:28  Zergling x2, Overlord  
  34  5:30  Drone  
  35  5:38  Drone  
  35  5:40  Zergling x2  
  37  5:49  Drone  
  37  5:59  Zergling x2  
  38  6:25  Overseer x2  
  38  6:26  Spire  
  37  7:03  Hatchery  
  36  7:38  Mutalisk  
  38  7:51  Mutalisk  
  40  8:04  Mutalisk  
  41  8:16  Drone  
  41  8:18  Zergling x2  
  43  8:21  Drone  
  43  8:26  Drone  
  45  8:30  Drone  
  45  8:31  Extractor  
  45  8:34  Drone  
  45  8:35  Extractor  
  45  8:39  Drone  
  40  8:43  Drone  
  40  8:47  Drone  
  42  8:52  Drone  
  43  8:56  Drone  
  43  9:01  Drone  
  45  9:06  Drone  
  46  9:10  Drone  
  46  9:14  Drone  
  48  9:18  Drone  
  48  9:23  Drone  
  50  9:27  Drone  
  51  9:31  Drone  
Show
View Real Time Build Order
Export as new Build Order

IA (Fácil) Protoss 

Build Orders:  

Get SALT Encoding   

  12  0:01  Probe  
  13  0:13  Probe  
  14  0:21  Pylon  
  14  0:25  Probe  
  15  0:35  Probe  
  16  0:45  Assimilator  
  16  0:53  Gateway  
  16  0:58  Pylon  
  16  1:16  Assimilator  
  16  1:30  Zealot  
  18  1:45  Probe, Cybernetics Core  
  19  2:00  Pylon, Probe  
  20  2:08  Probe  
  21  2:32  Pylon  
  21  2:34  Probe  
  8  2:46  Probe  
  2  2:52  Gateway  
  1  2:58  Probe  
  1  3:07  Probe  
Show
View Real Time Build Order
Export as new Build Order

IA (Fácil) Zerg 

Build Orders: Pool Only 

Get SALT Encoding   

  12  0:01  Drone  
  13  0:12  Overlord  
  13  0:17  Drone  
  14  0:30  Drone  
  14  0:35  Drone  
  16  0:42  Spawning Pool  
  15  0:44  Drone  
  15  0:48  Extractor  
  15  0:50  Drone  
  16  0:57  Overlord  
  16  1:30  Zergling x2, Queen  
  16  1:32  Roach Warren  
  18  1:33  Extractor  
  18  1:35  Drone  
  18  1:41  Drone  
  19  1:54  Zergling x2  
  19  2:12  Overlord  
  19  2:19  Zergling x2, Lair  
  17  2:43  Roach  
  18  3:06  Roach  
  20  3:17  Queen  
  20  3:21  Roach  
  16  3:45  Zergling x2  
  16  3:46  Drone  
  15  3:51  Drone  
  14  3:56  Drone  
  13  4:07  Drone  
  11  4:18  Zergling x2  
  9  4:24  Drone  
  9  4:29  Drone  
  10  4:33  Drone  
  10  4:37  Drone  
  10  4:42  Drone  
  8  4:51  Drone  
  5  5:01  Drone  
  4  5:17  Drone  
  5  5:30  Drone  
  6  5:41  Drone  
  7  5:50  Drone  
Show
View Real Time Build Order
Export as new Build Order

IA (Fácil) Protoss 

Build Orders:  

Get SALT Encoding   

  12  0:01  Probe  
  13  0:13  Probe  
  14  0:22  Pylon  
  14  0:25  Probe  
  15  0:36  Probe  
  16  0:46  Assimilator  
  16  0:51  Gateway  
  16  0:55  Pylon  
  16  1:16  Assimilator  
  16  1:30  Zealot  
  18  1:40  Cybernetics Core  
  18  1:45  Probe  
  19  1:58  Pylon, Probe  
  20  2:06  Warp Gate  
  20  2:07  Probe  
  20  2:15  Probe  
  21  2:18  Adept  
  24  2:26  Probe  
  25  2:39  Probe  
  26  2:48  Adept  
  28  3:18  Stalker  
  28  3:48  Zealot  
  26  4:20  Adept  
  26  4:45  Stalker  
  24  5:10  Zealot  
  26  5:35  Adept  
  28  5:42  Probe  
  29  5:49  Pylon  
  25  5:51  Robotics Facility  
  25  5:54  Probe, Zealot  
  26  6:08  Probe  
  27  6:12  Pylon  
  27  6:16  Probe  
  27  6:17  Pylon  
  22  6:26  Probe  
  18  6:37  Probe  
  19  6:42  Pylon  
  19  6:49  Gateway, Probe  
  18  7:00  Pylon  
  18  7:01  Probe  
  8  7:13  Probe  
  2  7:15  Nexus  
  1  7:43  Zealot  
  3  7:56  Cybernetics Core  
  3  8:01  Nexus  
  3  8:07  Zealot  
  5  8:25  Probe  
  5  8:33  Probe  
  6  8:34  Adept  
  6  8:41  Robotics Facility  
  9  8:43  Probe  
  10  8:55  Probe  
  11  8:58  Stalker  
  12  9:05  Probe  
  13  9:13  Probe  
  12  9:21  Stalker  
Show
View Real Time Build Order
Export as new Build Order

IA (Fácil) Zerg 

Build Orders: Pool First 

Get SALT Encoding   

  12  0:01  Drone  
  13  0:12  Overlord  
  13  0:18  Drone  
  14  0:31  Drone  
  14  0:35  Drone  
  16  0:45  Spawning Pool  
  16  0:48  Extractor  
  16  0:49  Drone  
  15  0:53  Drone  
  16  1:01  Overlord  
  16  1:32  Zergling x2  
  17  1:33  Queen  
  17  1:35  Roach Warren  
  17  1:37  Drone  
  17  1:39  Zergling x2  
  20  1:41  Extractor  
  20  1:44  Drone  
  20  1:54  Zergling x2  
  21  2:05  Zergling x2  
  21  2:15  Zergling x2  
  22  2:26  Zergling x2  
  21  2:37  Zergling x2  
  21  2:44  Zergling x2  
  21  2:50  Zergling x2  
  21  2:57  Zergling x2  
  22  3:03  Zergling x2  
  22  3:10  Zergling x2  
  21  3:17  Zergling x2, Overlord  
  21  3:23  Zergling x2  
  21  3:24  Drone  
  22  3:38  Roach  
  24  3:45  Zergling x2  
  24  3:48  Queen  
  23  3:51  Zergling x2  
  26  3:58  Zergling x2  
  26  4:05  Zergling x2  
  27  4:11  Zergling x2  
  25  4:18  Zergling x2  
  22  4:25  Zergling x2  
  21  4:39  Zergling x2  
  21  4:40  Queen  
  20  4:53  Zergling x2  
  21  5:00  Zergling x2  
  21  5:06  Zergling x2  
  23  5:13  Zergling x2  
  24  5:19  Zergling x2  
  25  5:26  Zergling x2  
  26  5:32  Drone  
  26  5:44  Drone  
  26  5:47  Overlord, Roach  
  26  5:48  Drone  
  30  5:54  Drone  
  31  6:05  Drone  
  31  6:08  Lair  
  32  6:13  Ravager  
  32  6:16  Roach  
  35  6:19  Drone  
  35  6:24  Drone  
  37  6:28  Drone  
  38  6:34  Overlord  
  38  6:39  Drone  
  39  6:49  Drone  
  39  6:51  Roach  
  42  7:07  Hydralisk Den  
  42  7:08  Overseer  
  41  7:10  Overseer  
  41  7:36  Hydralisk  
  43  7:57  Hydralisk  
  45  8:04  Hatchery  
  45  8:05  Drone  
  40  9:17  Drone  
  40  9:22  Drone  
  42  9:26  Drone  
  42  9:30  Drone  
Tags
 
Add a new tag
Caveats
  • Supply blocks, unpowered buildings, or Contaminate may cause inaccurate times.
  • Supply counts are checked every 10 seconds.